[Event "Titled Tuesday Blitz April 12 Late 2022"]
[White "Santos Ruiz, Miguel"]
[Black "Friedel, Tom"]
[WhiteFideId "22291482"]
[BlackFideId "2002108"]
[WhiteElo "2486"]
[BlackElo "2403"]
[Result "1-0"]
[Round "01"]
[TimeControl "180+1"]
[Date "2022.04.13"]
[WhiteClock "0:00:39"]
[BlackClock "0:00:10"]

1. d4 d5 2. Nf3 Nf6 3. Bf4 e6 4. e3 Bd6 5. Nbd2 Bxf4 6. exf4 c5 7. dxc5 Qc7 8. g3 Qxc5 9. Bd3 Nc6 10. a3 O-O 11. Qe2 a6 12. h4 b5 13. h5 h6 14. Ne5 Bb7 15. g4 Nxe5 16. fxe5 Ne4 17. Nb3 Qe7 18. O-O-O Rac8 19. Qe3 Rfd8 20. Nd4 Qg5 21. f4 Qe7 22. Rdg1 Kh8 23. g5 hxg5 24. fxg5 Qc7 25. g6 Qxe5 26. h6 f5 27. Nf3 Qf6 28. hxg7+ Kxg7 29. Qh6+ Kg8 30. Qh7+ Kf8 31. g7+ Ke8 32. g8=Q+ Qf8 33. Qhf7# 1-0


[Site "https://www.chess.com"]

[Event "Titled Tuesday Blitz April 12 Late 2022"]
[White "Savchenko, Boris"]
[Black "Stelmaszyk, Nico"]
[WhiteFideId "4147332"]
[BlackFideId "16200462"]
[WhiteElo "2557"]
[BlackElo "2119"]
[Result "1-0"]
[Round "01"]
[TimeControl "180+1"]
[Date "2022.04.13"]
[WhiteClock "0:02:26"]
[BlackClock "0:01:56"]

1. d4 d5 2. Bf4 Nf6 3. e3 c5 4. c3 Nc6 5. Nd2 e6 6. Ngf3 Bd6 7. Bg3 O-O 8. Bd3 b6 9. Qe2 Bb7 10. Rd1 a5 11. a3 Re8 12. Ne5 Ne7 13. Bb5 Rf8 14. Nd7 Bxg3 15. Nxf6+ gxf6 16. hxg3 1-0


[Site "https://www.chess.com"]

[Event "Titled Tuesday Blitz April 12 Late 2022"]
[White "Schekachikhin, Maksim"]
[Black "Sadilek, Peter"]
[WhiteFideId "24177830"]
[BlackFideId "1616439"]
[WhiteElo "2230"]
[BlackElo "2145"]
[Result "1/2-1/2"]
[Round "01"]
[TimeControl "180+1"]
[Date "2022.04.13"]
[WhiteClock "0:00:15"]
[BlackClock "0:00:06"]

1. d4 Nf6 2. c4 e6 3. Nc3 Bb4 4. e3 O-O 5. Bd3 d5 6. Nf3 c5 7. O-O dxc4 8. Bxc4 Nc6 9. a3 Ba5 10. dxc5 Bxc3 11. bxc3 Qa5 12. Bd3 Qxc3 13. Ra2 e5 14. Rc2 Qa5 15. Ng5 Bg4 16. Bxh7+ Kh8 17. f3 Rad8 18. Bd2 Qc7 19. fxg4 Nxh7 20. Nxh7 Kxh7 21. Qf3 Qd7 22. Qe4+ Kg8 23. Bc3 Qd3 24. Qxd3 Rxd3 25. Kf2 Rfd8 26. Ke2 Ne7 27. Bxe5 Rxa3 28. Rb1 Rd7 29. Rcb2 Nc6 30. Bf4 Na5 31. Rd2 Rxd2+ 32. Kxd2 Ra2+ 33. Kc3 Rxg2 34. Rb5 Ra2 35. Bc7 b6 36. cxb6 axb6 37. Rxb6 Kh7 38. Rb5 Nc6 39. Rc5 Ne7 40. Bf4 Ng6 41. Bg3 Ra3+ 42. Kd2 Ra2+ 43. Kd3 Ra3+ 44. Ke2 Ra2+ 45. Kf3 f6 46. h4 Kg8 47. Rc8+ Kf7 48. Rc7+ Kg8 49. h5 Nf8 50. Bd6 Ne6 51. Re7 Ng5+ 52. Kg3 Ra3 53. Bf4 Nf7 54. Kf3 Ra8 55. Re6 Rc8 56. h6 gxh6 57. Rxf6 Kg7 58. Ra6 Rf8 59. Kg3 Ng5 60. Ra7+ Kg6 61. Ra6+ Kg7 62. Ra5 Kg6 63. Re5 Nf7 64. Re6+ Kg7 65. e4 Rc8 66. e5 Rc4 67. Re7 Kg6 68. e6 Ng5 69. Bxg5 hxg5 70. Ra7 Kf6 71. e7 Re4 72. Kf3 Rxe7 73. Ra6+ Re6 74. Rxe6+ Kxe6 75. Ke4 Kf6 76. Kd5 Kf7 77. Ke5 Kg6 78. Ke6 Kg7 79. Kf5 Kh6 80. Kf6 Kh7 81. Kxg5 Kg7 82. Kf5 Kf7 83. g5 Kg7 84. g6 Kg8 85. Kg5 Kg7 86. Kh5 Kg8 87. Kh6 Kh8 88. g7+ Kg8 89. Kg6 1/2-1/2


[Site "https://www.chess.com"]

[Event "Titled Tuesday Blitz April 12 Late 2022"]
[White "Senthilkumar, Pranav"]
[Black "Yanchenko, Roman"]
[WhiteFideId "2083477"]
[BlackFideId "4137329"]
[WhiteElo "2405"]
[BlackElo "2514"]
[Result "0-1"]
[Round "01"]
[TimeControl "180+1"]
[Date "2022.04.13"]
[WhiteClock "0:02:15"]
[BlackClock "0:02:44"]

1. d4 d5 2. Nf3 Bf5 3. c4 c6 4. Nc3 e6 5. e3 Nf6 6. Bd3 Bxd3 7. Qxd3 Bd6 8. O-O Nbd7 9. b3 O-O 10. Bb2 Qa5 11. e4 dxe4 12. Nxe4 Nxe4 13. Qxe4 Ba3 14. Bxa3 Qxa3 15. Ne5 Rad8 16. Nxd7 Rxd7 17. Rfd1 Rfd8 18. Qc2 Rxd4 19. Rxd4 Rxd4 20. Rd1 Qd6 21. Rxd4 Qxd4 22. g3 g6 23. Qe2 e5 24. Kg2 h5 25. Qf3 Kg7 26. Qe2 e4 27. f3 f5 28. h3 a5 29. g4 hxg4 30. hxg4 exf3+ 31. Qxf3 Qxg4+ 32. Qxg4 fxg4 33. Kg3 Kf6 34. Kxg4 g5 35. a3 c5 0-1


[Site "https://www.chess.com"]

[Event "Titled Tuesday Blitz April 12 Late 2022"]
[White "Sernecki, Franciszek"]
[Black "Karttunen, Mika"]
[WhiteFideId "1169297"]
[BlackFideId "502081"]
[WhiteElo "2165"]
[BlackElo "2343"]
[Result "1-0"]
[Round "01"]
[TimeControl "180+1"]
[Date "2022.04.13"]
[WhiteClock "0:01:02"]
[BlackClock "0:00:42"]

1. d4 Nf6 2. c4 e6 3. Nf3 b6 4. g3 Ba6 5. Qc2 d5 6. cxd5 exd5 7. Bg2 Bd6 8. O-O O-O 9. Re1 c5 10. Nc3 Nc6 11. Bg5 Be7 12. Rad1 c4 13. Ne5 Bb7 14. Bxf6 Bxf6 15. Nxd5 Bxe5 16. dxe5 Nxe5 17. f4 Ng4 18. h3 Bxd5 19. hxg4 Qe7 20. Bxd5 Qe3+ 21. Kg2 Rac8 22. Bf3 b5 23. Qc3 Qc5 24. Qd4 Qc7 25. Qd6 Qa5 26. a3 c3 27. bxc3 Rxc3 28. Qb4 Rxa3 29. Qxa5 Rxa5 30. Ra1 Rxa1 31. Rxa1 Rb8 32. Rxa7 b4 33. Rb7 Rxb7 34. Bxb7 Kf8 35. Bd5 Ke7 36. Bb3 f6 37. Kf3 Kd6 38. Ke4 Kc5 39. e3 1-0


[Site "https://www.chess.com"]

[Event "Titled Tuesday Blitz April 12 Late 2022"]
[White "Simonovic, Miroslav"]
[Black "Sellitti, Federico"]
[WhiteFideId "919152"]
[BlackFideId "821829"]
[WhiteElo "2043"]
[BlackElo "2562"]
[Result "0-1"]
[Round "01"]
[TimeControl "180+1"]
[Date "2022.04.13"]
[WhiteClock "0:00:10"]
[BlackClock "0:00:16"]

1. d4 d5 2. Bg5 Nc6 3. e3 Nf6 4. Bxf6 exf6 5. c4 Be6 6. cxd5 Bxd5 7. Nc3 Bb4 8. Ne2 O-O 9. a3 Bxc3+ 10. Nxc3 Re8 11. Qd2 Na5 12. Nxd5 Qxd5 13. Qc3 Rad8 14. O-O-O Rd6 15. Kb1 Rc6 16. Qb4 Rb6 17. Qa4 Nc6 18. Qc4 Qf5+ 19. Qc2 Qd7 20. Bd3 g6 21. h4 Ne7 22. h5 Qd6 23. hxg6 fxg6 24. Ka1 Rc6 25. Qb3+ Kg7 26. Rc1 Rb6 27. Qc3 Nd5 28. Qc5 Qxc5 29. Rxc5 c6 30. Rhc1 f5 31. Bc4 Nf6 32. Bd3 h5 33. b4 a6 34. Ka2 Ne4 35. Bxe4 fxe4 36. Re5 Rxe5 37. dxe5 Rb5 38. Rc5 Rxc5 39. bxc5 Kf7 40. Kb3 g5 41. Kb4 h4 42. Ka5 g4 43. Kb6 h3 44. gxh3 gxh3 45. Kc7 Ke6 46. Kxb7 h2 47. Kxc6 h1=Q 48. Kb7 Qc1 49. c6 Qb2+ 50. Ka7 Qc3 51. Kb7 Qb3+ 52. Ka7 Qxa3 53. c7 Kd7 54. f4 Kxc7 55. e6 Qb4 56. Ka8 Qb7# 0-1


[Site "https://www.chess.com"]

[Event "Titled Tuesday Blitz April 12 Late 2022"]
[White "Skatchkov, Valery"]
[Black "Rustemov, Alexander"]
[WhiteFideId "24195812"]
[BlackFideId "4119002"]
[WhiteElo "2196"]
[BlackElo "2803"]
[Result "1-0"]
[Round "01"]
[TimeControl "180+1"]
[Date "2022.04.13"]
[WhiteClock "0:00:22"]
[BlackClock "0:00:29"]

1. c4 e6 2. Nf3 d5 3. e3 Nf6 4. Nc3 Nbd7 5. Qc2 c6 6. b3 Bd6 7. Bb2 Qe7 8. Be2 O-O 9. g4 Nxg4 10. Rg1 f5 11. h3 Ngf6 12. O-O-O Ne5 13. Nxe5 Bxe5 14. f4 Bd6 15. Rg2 Bd7 16. Rdg1 Rf7 17. d3 Bc5 18. Rg3 a6 19. Na4 Ba3 20. c5 Bxb2+ 21. Qxb2 Re8 22. Qe5 Bc8 23. Nb6 Qxc5+ 24. Nc4 Rd8 25. Kb1 Qe7 26. Nb6 Nd7 27. Nxd7 Rxd7 28. Bh5 g6 29. Bxg6 hxg6 30. Rxg6+ Kh7 31. R6g5 Rf6 32. Rh5+ Rh6 33. Rxh6+ Kxh6 34. Qh8+ Qh7 35. Qf6+ 1-0


[Site "https://www.chess.com"]

[Event "Titled Tuesday Blitz April 12 Late 2022"]
[White "Soysal, Serkan"]
[Black "Renjith, Sravan"]
[WhiteFideId "6349250"]
[BlackFideId "4306783"]
[WhiteElo "2440"]
[BlackElo "1863"]
[Result "1-0"]
[Round "01"]
[TimeControl "180+1"]
[Date "2022.04.13"]
[WhiteClock "0:00:17"]
[BlackClock "0:00:01"]

1. e4 e5 2. Nf3 Nc6 3. Bb5 Nf6 4. d3 Bc5 5. Bxc6 dxc6 6. Nc3 Bd6 7. h3 O-O 8. Be3 Re8 9. Nd2 Be6 10. O-O a6 11. f4 exf4 12. Bxf4 Qd7 13. Qf3 Rad8 14. Rae1 b5 15. Kh1 b4 16. Ne2 Bxf4 17. Nxf4 c5 18. b3 Qd4 19. Nxe6 Rxe6 20. Nc4 Re7 21. Ne3 Qe5 22. Nf5 Red7 23. g4 g6 24. Ne3 Kg7 25. Nc4 Qe6 26. Re2 h5 27. e5 Nh7 28. gxh5 Rf8 29. Rg2 Rd4 30. Qg3 Qc6 31. Ne3 Kh8 32. hxg6 fxg6 33. Qxg6 Rxf1+ 34. Nxf1 Qxg6 35. Rxg6 Rf4 36. Kg2 Nf8 37. Rc6 Rf5 38. Rxc5 Ne6 39. Ra5 Nd4 40. Ne3 Rg5+ 41. Kf2 Rg8 42. Rd5 Rf8+ 43. Ke1 Ne6 44. Ng4 Rf3 45. Rd7 Rxh3 46. Nf6 c6 47. Re7 Nf4 48. Kf2 1-0


[Site "https://www.chess.com"]

[Event "Titled Tuesday Blitz April 12 Late 2022"]
[White "Srdanovic, Jovana"]
[Black "Koziorowicz, Michal"]
[WhiteFideId "954810"]
[BlackFideId "21809194"]
[WhiteElo "2089"]
[BlackElo "2235"]
[Result "0-1"]
[Round "01"]
[TimeControl "180+1"]
[Date "2022.04.13"]
[WhiteClock "0:01:10"]
[BlackClock "0:01:19"]

1. d4 f5 2. g3 Nf6 3. Bg2 e6 4. c4 Be7 5. Nc3 O-O 6. Nh3 d6 7. O-O Qe8 8. Nf4 Bd8 9. e4 e5 10. Nfd5 Nc6 11. dxe5 Nxe5 12. b3 fxe4 13. Nxe4 Nxe4 14. Bxe4 Bh3 15. Re1 Bg4 16. Qd2 Bf3 17. Bc2 Qh5 18. Bb2 Bg5 19. Qc3 Qh3 0-1


[Site "https://www.chess.com"]

[Event "Titled Tuesday Blitz April 12 Late 2022"]
[White "Stevens, Christian"]
[Black "Paravyan, David"]
[WhiteFideId "2604450"]
[BlackFideId "4194985"]
[WhiteElo "2515"]
[BlackElo "2569"]
[Result "1/2-1/2"]
[Round "01"]
[TimeControl "180+1"]
[Date "2022.04.12"]
[WhiteClock "0:00:03"]
[BlackClock "0:00:05"]

1. Nf3 Nf6 2. c4 c5 3. Nc3 d5 4. cxd5 Nxd5 5. e4 Nb4 6. Bb5+ Bd7 7. a3 N4c6 8. d4 cxd4 9. Nxd4 Nxd4 10. Qxd4 Bxb5 11. Qxd8+ Kxd8 12. Nxb5 a6 13. Nc3 Nc6 14. Be3 e6 15. Na4 Ke8 16. O-O-O Be7 17. Kb1 f6 18. Nc5 Bxc5 19. Bxc5 Rd8 20. Bb6 Rd7 21. Rxd7 Kxd7 22. Rd1+ Kc8 23. b3 Re8 24. f3 Re7 25. Rd6 e5 26. Kc2 Rd7 27. Rxd7 Kxd7 28. Kd3 Ne7 29. Bc5 Ng6 30. g3 Kc6 31. Bb4 h5 32. h4 b6 33. a4 b5 34. Kc3 Kb6 35. axb5 Kxb5 36. Ba3 a5 37. Bd6 Kc6 38. Ba3 Kb5 39. Kd3 a4 40. Kc3 axb3 41. Kxb3 Kc6 42. Kc4 Kd7 43. Kd5 Ke8 44. Ke6 Nh8 45. Bc1 Kf8 46. Be3 Nf7 47. Kf5 Nh8 48. Ke6 Nf7 49. Kf5 Nh8 50. Ke6 1/2-1/2


[Site "https://www.chess.com"]

[Event "Titled Tuesday Blitz April 12 Late 2022"]
[White "Suder, Jakub"]
[Black "Bach, Matthias"]
[WhiteFideId "1195310"]
[BlackFideId "4603168"]
[WhiteElo "2058"]
[BlackElo "2165"]
[Result "1-0"]
[Round "01"]
[TimeControl "180+1"]
[Date "2022.04.13"]
[WhiteClock "0:01:00"]
[BlackClock "0:00:40"]

1. d4 Nf6 2. c4 c5 3. d5 e6 4. Nc3 exd5 5. cxd5 d6 6. e4 g6 7. f4 Bg7 8. Bb5+ Bd7 9. e5 Qe7 10. Nf3 Ng4 11. h3 Nh6 12. O-O O-O 13. Re1 Nf5 14. Bf1 Ng3 15. Bd3 Bf5 16. Kh2 Bxd3 17. Qxd3 Nf5 18. g4 Nh4 19. Nxh4 Qxh4 20. Qg3 Qxg3+ 21. Kxg3 dxe5 22. fxe5 Nd7 23. e6 fxe6 24. dxe6 Bd4 25. Be3 Nb6 26. Ne4 Bxe3 27. Rxe3 Nd5 28. Ree1 Rae8 29. Nxc5 b6 30. Nd7 Nc7 31. Nxf8 Kxf8 32. Rf1+ Kg8 33. Rf7 Nxe6 34. Rxa7 Nd4 35. Rd1 Re3+ 36. Kf2 Re2+ 37. Kf1 Re4 38. Ra4 1-0


[Site "https://www.chess.com"]

[Event "Titled Tuesday Blitz April 12 Late 2022"]
[White "Svane, Rasmus"]
[Black "Vusatiuk, Vladimir"]
[WhiteFideId "4657101"]
[BlackFideId "14118610"]
[WhiteElo "2645"]
[BlackElo "2157"]
[Result "1-0"]
[Round "01"]
[TimeControl "180+1"]
[Date "2022.04.12"]
[WhiteClock "0:00:49"]
[BlackClock "0:00:06"]

1. Nf3 Nf6 2. g3 d5 3. Bg2 e6 4. O-O b5 5. d3 Bb7 6. c4 dxc4 7. dxc4 Qxd1 8. Rxd1 b4 9. Bf4 Na6 10. Nbd2 Bd6 11. Nb3 Bxf4 12. gxf4 Ke7 13. Na5 Be4 14. Ne5 Bxg2 15. Kxg2 Rhc8 16. Nac6+ Ke8 17. Rd4 Nb8 18. Rad1 Nxc6 19. Nxc6 a5 20. e4 Ng8 21. Rd7 h6 22. h4 g6 23. e5 h5 24. Kf3 Kf8 25. Ke4 Nh6 26. c5 Nf5 27. Nd4 Nxh4 28. Rh1 Nf5 29. Nxf5 exf5+ 30. Kd5 Rd8 31. Kc6 Rxd7 32. Kxd7 a4 33. Kxc7 Ke7 34. c6 b3 35. axb3 axb3 36. Kb7 Ra4 37. c7 Rb4+ 38. Kc6 Rc4+ 39. Kb6 Ke8 40. Rh3 Ke7 41. Rxb3 Rc2 42. Rc3 Rxb2+ 43. Kc6 h4 44. c8=Q h3 45. Qd7+ Kf8 46. Qd8+ Kg7 47. Qf6+ Kg8 48. Rxh3 Rc2+ 49. Kb5 Rb2+ 50. Ka4 Ra2+ 51. Kb3 Ra3+ 52. Kxa3 g5 53. Rh8# 1-0


[Site "https://www.chess.com"]

[Event "Titled Tuesday Blitz April 12 Late 2022"]
[White "Tillyaev, Ulugbek"]
[Black "Lossi C., Cyrano Jose"]
[WhiteFideId "14202441"]
[BlackFideId "7301600"]
[WhiteElo "2377"]
[BlackElo "1811"]
[Result "1-0"]
[Round "01"]
[TimeControl "180+1"]
[Date "2022.04.13"]
[WhiteClock "0:00:52"]
[BlackClock "0:00:10"]

1. e4 c6 2. d4 d5 3. exd5 cxd5 4. Bd3 Nf6 5. h3 Nc6 6. c3 e6 7. Nf3 Be7 8. O-O O-O 9. Re1 a6 10. Nbd2 b5 11. a3 Bb7 12. Ne5 Nxe5 13. dxe5 Ne4 14. Nxe4 dxe4 15. Bc2 Qxd1 16. Rxd1 Rfd8 17. Be3 f5 18. exf6 gxf6 19. Bb6 Rxd1+ 20. Rxd1 Bd5 21. Re1 f5 22. Re3 Kf7 23. Re1 Rg8 24. Kf1 Bc4+ 25. Kg1 h5 26. Rd1 Bd5 27. Kf1 Bc4+ 28. Kg1 Bd5 29. Bc7 Bc5 30. Kf1 Bc4+ 31. Kg1 Bd5 32. Kf1 Kf6 33. Bf4 Bc4+ 34. Kg1 Be2 35. Rd7 Bf3 36. g3 e5 37. Bb3 Re8 38. Rf7+ Kg6 39. Be3 Bxe3 40. fxe3 Rd8 41. Re7 Rd2 42. Rxe5 Rg2+ 43. Kf1 Rxb2 44. Be6 Kf6 45. Rxf5+ Kxe6 46. Rg5 a5 47. Rg6+ Kf5 48. Rc6 Rc2 49. Rc5+ Kg6 50. Ke1 b4 51. axb4 axb4 52. cxb4 Rxc5 53. bxc5 Kf6 54. Kd2 Ke5 55. Kc3 Kd5 56. Kb4 Bg2 57. h4 Bh3 58. Kb5 Bd7+ 59. Kb6 Bc6 60. g4 hxg4 61. h5 g3 62. h6 g2 63. h7 g1=Q 64. h8=Q Qb1+ 65. Kc7 Kxc5 66. Qd4+ Kb5 67. Qb6+ 1-0


[Site "https://www.chess.com"]

[Event "Titled Tuesday Blitz April 12 Late 2022"]
[White "Tregubov, Pavel V."]
[Black "Skytte, Rasmus"]
[WhiteFideId "4115341"]
[BlackFideId "1404210"]
[WhiteElo "2341"]
[BlackElo "2430"]
[Result "1/2-1/2"]
[Round "01"]
[TimeControl "180+1"]
[Date "2022.04.13"]
[WhiteClock "0:02:34"]
[BlackClock "0:01:20"]

1. e4 c6 2. Nf3 d5 3. Nc3 dxe4 4. Nxe4 Nf6 5. Qe2 Nxe4 6. Qxe4 Nd7 7. Bc4 Nf6 8. Ne5 e6 9. Qf4 Bd6 10. d4 Qc7 11. O-O O-O 12. Re1 b6 13. Qh4 c5 14. dxc5 Bxe5 15. cxb6 axb6 16. Bd3 Bb7 17. Bg5 h6 18. Bxh6 gxh6 19. Qxh6 Ra5 20. Qg5+ Kh8 21. Qh6+ Kg8 22. Qg5+ Kh8 23. Qh6+ Kg8 1/2-1/2


[Site "https://www.chess.com"]

[Event "Titled Tuesday Blitz April 12 Late 2022"]
[White "Tymrakiewicz, Rafal"]
[Black "Beerdsen, Thomas"]
[WhiteFideId "1108832"]
[BlackFideId "1030108"]
[WhiteElo "2205"]
[BlackElo "2585"]
[Result "0-1"]
[Round "01"]
[TimeControl "180+1"]
[Date "2022.04.13"]
[WhiteClock "0:00:10"]
[BlackClock "0:00:16"]

1. d4 h6 2. e4 g5 3. h4 g4 4. h5 d5 5. e5 c5 6. c3 Nc6 7. Be3 Qb6 8. Qd2 cxd4 9. cxd4 Bf5 10. Nc3 e6 11. Bd3 Bxd3 12. Qxd3 Nge7 13. Nge2 Nb4 14. Qd2 Nf5 15. O-O Rg8 16. a3 Nc6 17. b4 Be7 18. Rac1 Rc8 19. Na4 Qa6 20. Nc5 Bxc5 21. bxc5 g3 22. Nxg3 Nce7 23. Nxf5 Nxf5 24. Rc3 Nh4 25. Qd3 Rxg2+ 26. Kh1 Qa5 27. Rg1 Rxg1+ 28. Kxg1 Kd7 29. Kf1 Nf5 30. Rb3 b6 31. Qb5+ Qxb5+ 32. Rxb5 Kc6 33. a4 Rg8 34. cxb6 axb6 35. Rb3 Rg4 36. Rb4 Rh4 37. Ke2 Rxh5 38. Rb1 Rh4 39. Rc1+ Kb7 40. Kd3 Rh2 41. Rb1 Ka6 42. Rc1 h5 43. Rc7 h4 44. Rxf7 h3 45. Rf6 Rh1 46. Rxe6 h2 47. Rd6 Rd1+ 48. Ke2 h1=Q 0-1


[Site "https://www.chess.com"]

[Event "Titled Tuesday Blitz April 12 Late 2022"]
[White "Wagner, Dennis"]
[Black "Foisor, Sabina-Francesca"]
[WhiteFideId "24650684"]
[BlackFideId "1212915"]
[WhiteElo "2355"]
[BlackElo "2243"]
[Result "0-1"]
[Round "01"]
[TimeControl "180+1"]
[Date "2022.04.13"]
[WhiteClock "0:00:12"]
[BlackClock "0:00:18"]

1. d4 d5 2. Nf3 e6 3. c4 Nf6 4. g3 Be7 5. Bg2 O-O 6. O-O c6 7. Qc2 b6 8. Rd1 Bb7 9. b3 Na6 10. Nc3 Rc8 11. a3 Qc7 12. Bf4 Bd6 13. Bxd6 Qxd6 14. e4 Qe7 15. e5 Ne8 16. cxd5 cxd5 17. Qd2 Nb8 18. Rdc1 Nc6 19. Bf1 f6 20. Re1 fxe5 21. Nxe5 Nxe5 22. Rxe5 Rf6 23. Bh3 Nc7 24. Rae1 Qxa3 25. Ne2 Qxb3 26. Nf4 Rcf8 27. Nxe6 Nxe6 28. Bxe6+ Kh8 29. Bf5 Qf3 30. Qg5 h6 31. Qd2 Rxf5 32. Rxf5 Qxf5 33. Re5 Qf6 34. h4 Bc6 35. Qe3 Bd7 36. Re7 Bf5 37. Rxa7 Be4 38. Rb7 Rf7 39. Rb8+ Kh7 40. Ra8 Qf5 41. Ra1 Qh3 42. f3 Qxg3+ 43. Kf1 Rxf3+ 44. Ke2 Rxe3+ 45. Kd2 Qg2+ 46. Kxe3 Qg3+ 47. Kd2 Qxh4 48. Kc3 Qf4 49. Ra7 Qe3+ 50. Kb4 Qxd4+ 51. Kb5 Qc5+ 52. Ka6 Qa5+ 53. Kb7 Qxa7+ 54. Kc8 b5 55. Kd8 b4 56. Ke8 b3 57. Kf8 b2 58. Ke8 b1=Q 59. Kf8 Qbb8# 0-1


[Site "https://www.chess.com"]

[Event "Titled Tuesday Blitz April 12 Late 2022"]
[White "Ward, Ieuan C"]
[Black "Lin, Dachey"]
[WhiteFideId "406627"]
[BlackFideId "2029650"]
[WhiteElo "2285"]
[BlackElo "2313"]
[Result "0-1"]
[Round "01"]
[TimeControl "180+1"]
[Date "2022.04.13"]
[WhiteClock "0:00:11"]
[BlackClock "0:01:06"]

1. e4 g5 2. d4 g4 3. c4 d6 4. Nc3 Bg7 5. Be3 h5 6. Be2 Nc6 7. d5 Ne5 8. Qc2 Nf6 9. f4 gxf3 10. Nxf3 Nfg4 11. Bg5 f6 12. Bd2 e6 13. h3 Nxf3+ 14. gxf3 Ne5 15. f4 Nf7 16. O-O-O e5 17. Rdf1 Bh6 18. Bxh5 Qe7 19. Bxf7+ Kxf7 20. f5 Bd7 21. Rfg1 Rh7 22. Bxh6 Rxh6 23. Qg2 Rah8 24. Nd1 Ke8 25. Ne3 Rh4 26. Qg6+ Kd8 27. Ng4 Rf8 28. Kd2 Be8 0-1


[Site "https://www.chess.com"]

[Event "Titled Tuesday Blitz April 12 Late 2022"]
[White "Xie, Bryan"]
[Black "Maksimovic, Bojan"]
[WhiteFideId "30941296"]
[BlackFideId "14408120"]
[WhiteElo "1899"]
[BlackElo "2448"]
[Result "0-1"]
[Round "01"]
[TimeControl "180+1"]
[Date "2022.04.13"]
[WhiteClock "0:00:40"]
[BlackClock "0:00:17"]

1. d4 Nf6 2. Nf3 g6 3. Bf4 Bg7 4. e3 d6 5. h3 Nbd7 6. Nbd2 b6 7. c4 Bb7 8. Bd3 e5 9. Bg5 h6 10. Bxf6 Nxf6 11. d5 Qe7 12. Qc2 Bc8 13. g4 a5 14. Rg1 h5 15. gxh5 Rxh5 16. Bxg6 fxg6 17. Qxg6+ Kf8 18. Ne4 Bf5 19. Nxf6 Bxg6 20. Nxh5 Bxh5 21. Ng5 Bf6 22. Ne6+ Kf7 23. Kd2 Rg8 24. Rgf1 Rg2 25. Ke1 Bh4 26. Kd2 Qf6 27. Kc3 Rxf2 28. Rxf2 Qxf2 29. Nxc7 Qxe3+ 30. Kc2 Bg6+ 31. Kd1 Qe1# 0-1


[Site "https://www.chess.com"]

[Event "Titled Tuesday Blitz April 12 Late 2022"]
[White "Xiong, Jeffery"]
[Black "Reprintsev, Alexander"]
[WhiteFideId "2047640"]
[BlackFideId "14100541"]
[WhiteElo "2727"]
[BlackElo "2108"]
[Result "1-0"]
[Round "01"]
[TimeControl "180+1"]
[Date "2022.04.12"]
[WhiteClock "0:00:33"]
[BlackClock "0:00:09"]

1. e4 d5 2. exd5 Qxd5 3. Nc3 Qa5 4. d4 Nf6 5. Bc4 Bg4 6. f3 Be6 7. Bxe6 fxe6 8. b4 Qxb4 9. Ne2 Nd5 10. Bd2 Nxc3 11. Bxc3 Qc4 12. Rb1 Nc6 13. Rxb7 O-O-O 14. Qb1 e5 15. dxe5 e6 16. Qb5 Qxb5 17. Rxb5 a6 18. Rb3 Bc5 19. Nf4 Rhe8 20. Nd3 Bb6 21. Ke2 Rd5 22. h4 Bd4 23. f4 Red8 24. Rh3 Bxc3 25. Rxc3 Nd4+ 26. Kd2 Nb5 27. Rc6 Nd4 28. Rxa6 Kb7 29. Ra3 c5 30. c4 R5d7 31. Nxc5+ Kc6 32. Nxd7 Rxd7 33. Ra6+ Kc5 34. Rd6 Rxd6 35. exd6 Kxd6 36. Rd3 Kc5 37. Rxd4 1-0


[Site "https://www.chess.com"]

[Event "Titled Tuesday Blitz April 12 Late 2022"]
[White "Xu, Yi"]
[Black "Szalay, Karoly"]
[WhiteFideId "8605564"]
[BlackFideId "2600544"]
[WhiteElo "2471"]
[BlackElo "2432"]
[Result "0-1"]
[Round "01"]
[TimeControl "180+1"]
[Date "2022.04.13"]
[WhiteClock "0:00:02"]
[BlackClock "0:00:07"]

1. e4 e5 2. Nf3 Nc6 3. Bc4 Nf6 4. d3 Bc5 5. O-O O-O 6. h3 h6 7. c3 d6 8. Re1 a6 9. a4 Be6 10. Bxe6 fxe6 11. b4 Bb6 12. a5 Ba7 13. Ra2 Nh5 14. Nbd2 Nf4 15. Nf1 Qf6 16. Bxf4 exf4 17. d4 e5 18. Rd2 exd4 19. cxd4 Rae8 20. N1h2 g5 21. e5 Qg6 22. Ng4 Kg7 23. d5 Nxe5 24. Nfxe5 dxe5 25. Nxe5 Qd6 26. Rde2 Qxb4 27. Qc2 Qd6 28. Qb2 Kh7 29. Qxb7 Bc5 30. Qb1+ Kg7 31. Qd3 Re7 32. Nc6 Rxe2 33. Rxe2 Qf6 34. Re1 f3 35. Qc2 Bd6 36. g3 Rf7 37. Kh2 Qf5 38. Qc3+ Kh7 39. Re8 Qxd5 40. Qh8+ Kg6 41. Qg8+ Kh5 42. Re7 Bxg3+ 43. Kxg3 Qd6+ 44. Re5 Rf6 45. Qe8+ Rg6 46. Nd4 Qxd4 47. Re4 Qd6+ 48. Kxf3 Qd3+ 49. Kg2 c5 50. Rg4 c4 51. Qf7 c3 52. Rg3 Qe4+ 53. Kh2 c2 54. Qc7 Qe2 55. Qc3 Rf6 56. Rg2 Rxf2 57. Rxf2 Qxf2+ 58. Kh1 Qf1+ 59. Kh2 c1=Q 60. Qf3+ Qxf3 61. h4 Qch1# 0-1


[Site "https://www.chess.com"]

[Event "Titled Tuesday Blitz April 12 Late 2022"]
[White "Yang, Cayden"]
[Black "Moussard, Jules"]
[WhiteFideId "30967260"]
[BlackFideId "642908"]
[WhiteElo "2472"]
[BlackElo "2589"]
[Result "0-1"]
[Round "01"]
[TimeControl "180+1"]
[Date "2022.04.12"]
[WhiteClock "0:00:03"]
[BlackClock "0:00:17"]

1. Nf3 g6 2. c4 d6 3. d4 f5 4. g3 Nf6 5. Bg2 Bg7 6. O-O O-O 7. Nc3 c6 8. b3 Qc7 9. Qc2 e5 10. dxe5 dxe5 11. Ba3 Re8 12. Rad1 e4 13. Nd4 Nbd7 14. Rfe1 Ne5 15. Qb1 Bd7 16. Nc2 Nfg4 17. h3 e3 18. f4 Nf2 19. Bd6 Nxd1 20. Qxd1 Qa5 21. b4 Qa6 22. Bxe5 Bxe5 23. fxe5 Qxc4 24. Qxd7 Qxc3 25. e6 Qf6 26. Nxe3 Qxe6 27. Qxe6+ Rxe6 28. Nc4 Rd8 29. Kf2 Rd4 30. Rc1 Kf7 31. Rc2 Kf6 32. a3 h5 33. h4 f4 34. Bf3 fxg3+ 35. Kxg3 b6 36. Nb2 g5 37. hxg5+ Kxg5 38. Nd3 h4+ 39. Kh2 Re3 40. Kg2 Re6 41. Rxc6 Rxc6 42. Bxc6 Rc4 43. Bf3 Rc3 44. a4 Ra3 45. Bc6 Ra2 46. Kf2 h3 47. a5 bxa5 48. bxa5 Kh4 49. Bd7 Rxa5 50. Ke3 h2 51. Nf2 Kg3 52. Nh1+ Kg2 53. Bc6+ Kg1 54. Ng3 Rc5 55. Bf3 a5 56. Kd4 Rg5 57. Ne4 Rf5 58. Ng3 Rxf3 59. exf3 Kg2 60. Ne2 Kxf3 61. Nf4 Kxf4 0-1


[Site "https://www.chess.com"]

[Event "Titled Tuesday Blitz April 12 Late 2022"]
[White "Yoo, Christopher Woojin"]
[Black "Martinez Reyes, Pedro Ramon"]
[WhiteFideId "30909694"]
[BlackFideId "3901807"]
[WhiteElo "2105"]
[BlackElo "2410"]
[Result "1-0"]
[Round "01"]
[TimeControl "180+1"]
[Date "2022.04.12"]
[WhiteClock "0:00:27"]
[BlackClock "0:00:15"]

1. e4 e6 2. b3 d5 3. Bb2 a6 4. exd5 exd5 5. Nf3 Nf6 6. Qe2+ Be6 7. Ng5 Qd7 8. g3 Be7 9. Nxe6 Qxe6 10. Qxe6 fxe6 11. Bh3 Kf7 12. O-O Re8 13. Re1 Bc5 14. d4 Bb4 15. c3 Bd6 16. Nd2 Nc6 17. Nf3 h6 18. c4 Ne4 19. Re2 Bb4 20. cxd5 exd5 21. Bd7 Rf8 22. Bxc6 bxc6 23. Ne5+ Kg8 24. Nxc6 Bd6 25. Kg2 Rf6 26. f3 Ng5 27. f4 Ne4 28. Rc1 g5 29. fxg5 hxg5 30. Ne5 Raf8 31. Rcc2 Rf5 32. Ng4 Kh7 33. Bc1 Kg6 34. Ne3 Rf3 35. Nxd5 Nxg3 36. Re6+ Kf5 37. Rxd6 Kg4 38. Rh6 Nh5 39. Ne3+ Kh4 40. Kg1 g4 41. Rg2 Kg5 42. Nxg4+ Kf5 43. Rxh5+ Ke4 44. Rf2 Rg8 45. Rxf3 Kxf3 46. Rh3+ Ke2 47. Rg3 1-0


[Site "https://www.chess.com"]